 Dungeon Crawl Stone Soup version 0.26-a0-712-ga5a9c9c9d0 (webtiles) character file.

Game seed: 15675478316854514036

13169 MalarOregon the Summoner (level 11, -4/82 HPs)
             Began as a Green Draconian Summoner on Nov 11, 2020.
             Was a Priest of Hepliaklqana.
             Slain by a death yak (30 damage)
             ... in an ice cave.
             The game lasted 00:44:04 (18598 turns).

MalarOregon the Summoner (DrSu)                    Turns: 18598, Time: 00:44:05

Health: -4/82      AC:  7    Str: 12    XL:     11   Next: 72%
Magic:  3/21       EV: 15    Int: 24    God:    Hepliaklqana [***...]
Gold:   824        SH: 12    Dex: 17    Spells: 18/23 levels left

rFire    . . .     SeeInvis .   k - +4 dagger (elec)
rCold    . . .     Faith    .   E - +1 kite shield
rNeg     . . .     Spirit   .   (armour unavailable)
rPois    +         Reflect  .   (helmet restricted)
rElec    .         Harm     .   (no cloak)
rCorr    .         Rampage  .   (no gloves)
MR       .....                  (no boots)
Stlth    ++++......             (no amulet)
HPRegen  0.23/turn              i - +6 ring of intelligence
MPRegen  0.17/turn              A - +6 ring of dexterity

@: short of breath
A: breathe noxious fumes, unfitting armour, reduced essence, poison resistance,
cold-blooded, AC +7
a: Breathe Noxious Fumes, Recall Ancestor, Ancestor Identity, Transference,
Renounce Religion


You were in an ice cave.
You worshipped Hepliaklqana.
Hepliaklqana was most pleased with you.
You visited 3 branches of the dungeon, and saw 13 of its levels.
You also visited: Ossuary and Ice Cave.

You collected 896 gold pieces.
You spent 72 gold pieces at shops.

Inventory:

Hand Weapons
 k - a +4 dagger of electrocution (weapon)
   (You took it off a goblin on level 3 of the Dungeon)
 y - the cursed +1 war axe of Dishonour {vorpal, rN+ Str+3 Dex+2, unknown}
   (You found it in an ice cave)

   It inflicts extra damage upon your enemies.
   It affects your strength (+3).
   It affects your dexterity (+2).
   It protects you from negative energy.
   It has a curse placed upon it.
 D - the +2 flail of Icida {holy, Int+7}
   (You found it on level 8 of the Dungeon)

   It has been blessed by the Shining One to cause great damage to the undead
   and demons.
   It affects your intelligence (+7).
 H - a +0 scimitar of flaming
   (You took it off Erica on level 9 of the Dungeon)
Missiles
 F - 65 poisoned darts (quivered)
 K - 5 curare-tipped darts {!f}
Armour
 E - a +1 kite shield (worn)
   (You found it on level 5 of the Dungeon)
Magical Staves
 w - an uncursed staff of air
   (You found it on level 5 of the Dungeon)
Jewellery
 i - a +6 ring of intelligence (left hand)
   (You found it on level 4 of the Dungeon)
 j - an uncursed ring of positive energy
   (You found it on level 1 of the Dungeon)
 l - an uncursed ring of protection from magic
   (You found it on level 2 of the Dungeon)
 z - an uncursed ring of protection from magic
   (You found it on level 7 of the Dungeon)
 A - a +6 ring of dexterity (right hand)
   (You found it on level 7 of the Dungeon)
Wands
 c - a wand of disintegration (13)
   (You found it on level 5 of the Dungeon)
 d - a wand of iceblast (6)
   (You found it on level 8 of the Dungeon)
 q - a wand of polymorph (9)
   (You found it in an ossuary)
 t - a wand of flame (10)
   (You found it on level 8 of the Dungeon)
 v - a wand of digging (14)
   (You found it on level 9 of the Dungeon)
 L - a wand of enslavement (9)
   (You found it in an ice cave)
Scrolls
 a - 6 scrolls of remove curse {@r2}
 b - 2 scrolls of teleportation {@r4}
 o - a scroll of immolation {!r}
 r - a scroll of fog
 B - 3 scrolls of blinking
 I - 4 scrolls of identify {@r1}
 J - 4 scrolls of vulnerability {unknown}
Potions
 e - 4 potions of degeneration {!q}
 f - a potion of stabbing
 g - 11 potions of curing {@q1}
 h - 5 potions of haste {@q3}
 m - 3 potions of brilliance
 n - a potion of cancellation {unknown}
 p - 4 potions of heal wounds {@q2}
 s - a potion of might {unknown}
 u - 2 potions of flight
 x - 5 potions of lignification {!q}
 C - a potion of magic {unknown}
 G - a potion of mutation {unknown}


   Skills:
 + Level 7.5 Fighting
 + Level 6.7 Dodging
 + Level 7.2 Stealth
 * Level 8.0 Shields
 + Level 6.7 Spellcasting
 * Level 10.8 Summonings


You had 18 spell levels left.
You knew the following spells:

 Your Spells              Type           Power        Failure   Level
c - Call Canine Familiar  Summ           ######..     1%          3
x - Call Imp              Summ           ######..     1%          2

Your spell library contained the following spells:

 Spells                   Type           Power        Failure   Level
 Summon Small Mammal      Summ           ####         1%          1
 Summon Guardian Golem    Hex/Summ       ####....     6%          3
 Animate Skeleton         Necr           #.....       19%         1
 Apportation              Tloc           #.....       19%         1
 Corona                   Hex            #......      19%         1
 Summon Ice Beast         Ice/Summ       ####....     19%         4
 Summon Lightning Spire   Summ/Air       ####....     19%         4


Dungeon Overview and Level Annotations

Branches:
Dungeon (10/15)            Temple (1/1) D:4            Lair (2/6) D:10
    Orc (0/2) D:10        Ossuary (visited)           IceCv (1/1)
  Swamp: Lair:2-4    Shoals: Lair:2-4     Snake: Lair:2-4    Spider: Lair:2-4

Altars:
Ashenzari
Cheibriados
Dithmenos
Elyvilon
Fedhas
Gozag
Hepliaklqana
Kikubaaqudgha
Makhleb
Nemelex Xobeh
Okawaru
Qazlal
Ru
Sif Muna
Trog
Uskayaw
Vehumet
Wu Jian
Xom
Yredelemnul
Zin
The Shining One

Shops:
D:4 *   D:8 *

Annotations:
D:9 1 runed translucent door, profreshinal's ghost, novice BaSu


Innate Abilities, Weirdness & Mutations

You can breathe blasts of noxious fumes.
Your lurid green scales are hard. (AC +7)
You cannot fit into any form of body armour.
Your system is resistant to poisons. (rPois)
You are cold-blooded and may be slowed by cold attacks.
Your life essence is reduced to manifest your ancestor. (-10% HP)


Message History

Aim: a death yak (severely wounded, lightly drained) Attack!
The death yak gores Waqi!!
Waqi barely misses the death yak.
The death yak gores Waqi!
Waqi is destroyed!
What are your orders? t - Shout!
Orders for allies: a - Attack new target. p - Attack previous target. r - Retreat! s - Stop attacking. g - Guard the area. f - Follow me.
Anything else - Cancel.
Gang up on whom?
Aim: a death yak (severely wounded, lightly drained) Attack!
The death yak closely misses your warg.
Your warg bites the death yak!
The death yak gores your warg!!
Your warg completely misses the death yak.
The death yak seems less drained.
The death yak barely misses your warg.
Your warg barely misses the death yak.
Your warg bites the death yak!
The death yak gores your warg!
Your warg dies!
Your warg's corpse disappears in a puff of smoke!
The death yak bellows!
What are your orders? t - Shout!
Orders for allies: a - Attack new target. p - Attack previous target. r - Retreat! s - Stop attacking. g - Guard the area. f - Follow me.
Anything else - Cancel.
Gang up on whom?
Aim: a death yak (almost dead) Attack!
The death yak barely misses you.
Your wolf bites the death yak!
The death yak dies!
Your Shields skill increases to level 8!
What are your orders? t - Shout!
Orders for allies: a - Attack new target. r - Retreat! s - Stop attacking. g - Guard the area. f - Follow me.
Anything else - Cancel.
Gang up on whom?
Aim: a death yak (severely wounded) Attack!
Your wolf bites the death yak.
Aim: a death yak (severely wounded)
You exhale a blast of noxious fumes.
The blast of choking fumes hits the death yak but does no damage.
Your wolf completely misses the death yak.
Your wolf bites the death yak but does no damage.
The death yak is engulfed in noxious fumes.
The death yak gores you!!
You die...

### #######..
##.##...##
####.#...####
###....#..## #.
###...#÷.#### ##
###...####..# #
###.@.### ######
#.hY###
###..÷÷### ##..#
#..####..###
###.### #.###
##...#
#..#########...#
#.Y##
##...##........#
##h..
#..###...⌠...##
##..
###h.##.).[.##
##. ##..hY#####
##


You could see a death yak and a friendly wolf (summoned).

Vanquished Creatures
  A troll (D:10)
  7 polar bears
  A meliai zombie (D:10)
  A vampire (D:9)
  A wyvern (Lair:2)
  5 yaks
  2 wargs (D:10)
  2 black bears (D:10)
  8 ice beasts
  2 sky beasts
  2 necrophages
  5 wolves (IceCv)
  3 ogres
  7 centaurs
  A lemure (D:4)
  An elf zombie (Ossuary)
  5 bullfrogs
  2 scorpions
  3 killer bees
  2 wights (D:10)
  2 howler monkeys
  2 bullfrog zombies
  A centaur zombie (D:10)
  2 orc priests
  5 orc wizards
  5 hounds
  4 jellies
  2 bullfrog skeletons (D:9)
  2 iguanas
  A hexer (D:10)
  6 worker ants
  3 hound zombies
  A mummy (Ossuary)
  2 hound skeletons
  4 adders
  A howler monkey skeleton (D:5)
  3 gnolls (D:5)
  5 white imps (D:10)
  5 ufetubi
  An adder skeleton (D:5)
  2 worms
  2 dart slugs
  4 leopard geckos
  16 orcs
  5 bats
  5 giant cockroaches
  7 hobgoblins
  9 jackals
  2 kobolds
  2 quokkas
  2 ball pythons
  7 frilled lizards
  6 goblins
  8 rats
195 creatures vanquished.

Vanquished Creatures (collateral kills)
  Erica (D:9)
  A death yak (IceCv)
  Pikel (D:4)
  An ice statue (IceCv)
  Psyche (D:9)
  2 komodo dragons (Lair:1)
  5 polar bears
  A meliai zombie (D:10)
  2 centaur simulacra (D:10)
  A wraith (D:10)
  4 yaks
  A wyvern (D:9)
  A warg (D:10)
  A phantom (D:6)
  7 ice beasts
  2 orc warriors (D:10)
  An ogre (D:8)
  A necrophage (D:8)
  7 wolves
  2 centaurs
  2 lemures
  2 bullfrogs (D:10)
  A wyvern zombie (D:7)
  A water moccasin skeleton (D:3)
  3 killer bees
  2 wights (D:10)
  2 electric eels (D:10)
  3 jellies
  An orc priest (D:9)
  4 orc wizards
  2 iguanas (D:10)
  4 worker ants
  A big kobold zombie (Ossuary)
  A bullfrog simulacrum (D:10)
  A hound zombie (D:6)
  4 mummies
  A gnoll (D:5)
  A worker ant zombie (D:10)
  An adder (D:3)
  4 white imps (D:10)
  2 ufetubi (D:10)
  An ooze (D:1)
  2 worms
  3 leopard geckos
  13 orcs
  2 giant cockroaches (D:3)
  A gnoll zombie (Ossuary)
  2 goblins
  4 hobgoblins
  6 jackals
  2 bats (D:1)
  4 frilled lizards
  A goblin zombie (Ossuary)
  A hobgoblin zombie (Ossuary)
  2 jackal zombies (Ossuary)
  4 kobolds
  3 orc zombies (Ossuary)
  2 rats (D:1)
139 creatures vanquished.

Vanquished Creatures (others)
  8 hexers
  An ancestor (D:7)
  A fungus (D:10)
  6 plants
  A withered plant (D:4)
17 creatures vanquished.

Grand Total: 351 creatures vanquished

Notes
Turn   | Place    | Note
-------+----------+-------------------------------------------
     0 | D:1      | MalarOregon the Draconian Summoner began the quest for the
                  | Orb.
     0 | D:1      | Reached XP level 1. HP: 14/14 MP: 3/3
   465 | D:1      | Reached XP level 2. HP: 22/22 MP: 0/5
   469 | D:1      | Learned a level 2 spell: Call Imp
  1885 | D:2      | Reached XP level 3. HP: 27/27 MP: 6/6
  2224 | D:2      | Reached skill level 1 in Fighting
  3158 | D:3      | Found a glowing drain.
  3417 | D:3      | Reached XP level 4. HP: 24/35 MP: 3/7
  3429 | D:3      | HP: 1/35 [water moccasin skeleton (7)]
  4091 | D:3      | Found a bloodstained altar of Trog.
  4243 | D:3      | Learned a level 3 spell: Call Canine Familiar
  4376 | D:3      | Reached XP level 5. HP: 41/41 MP: 8/8
  4919 | D:4      | Found Gozag's Platinum Reserve.
  4980 | D:4      | Noticed a lemure
  5008 | D:4      | Killed a lemure
  5167 | D:4      | Noticed a lemure
  5185 | D:4      | Killed a lemure
  5355 | D:4      | Found an opulent altar of Gozag.
  5382 | D:4      | Found a shimmering altar of Xom.
  5382 | D:4      | Noticed a lemure
  5382 | D:4      | Noticed Pikel
  5382 | D:4      | Noticed a lemure
  5469 | D:3      | Killed a lemure
  5669 | D:4      | Found a sparkling altar of Nemelex Xobeh.
  5695 | D:4      | Reached skill level 5 in Summonings
  5701 | D:4      | Found a glowing golden altar of the Shining One.
  5851 | D:4      | Found a staircase to the Ecumenical Temple.
  5974 | Temple   | Entered the Ecumenical Temple
  6525 | D:4      | Found an ancient bone altar of Kikubaaqudgha.
  6527 | D:4      | Found a blossoming altar of Fedhas.
  6629 | D:4      | Reached XP level 6. HP: 40/49 MP: 10/10
  6751 | D:4      | Killed Pikel
  6751 | D:4      | Reached skill level 6 in Summonings
  6751 | D:4      | Your scales start taking on a lurid green colour.
  6751 | D:4      | Reached XP level 7. HP: 21/57 MP: 1/12
  6751 | D:4      | Gained mutation: Your system is resistant to poisons.
                  | (rPois) [Green Draconian growth]
  7363 | D:5      | Entered Level 5 of the Dungeon
  7528 | D:5      | Reached XP level 8. HP: 44/66 MP: 9/13
  7832 | D:5      | Found a sand-covered staircase.
  7842 | Ossuary  | Entered an ossuary
  7856 | Ossuary  | Reached skill level 7 in Summonings
  8282 | D:5      | Found a hazy altar of Hepliaklqana.
  8291 | D:5      | Became a worshipper of Hepliaklqana the Forgotten
  8790 | D:5      | Reached skill level 1 in Shields
 10260 | D:6      | Reached XP level 9. HP: 40/64 MP: 12/15
 10629 | D:7      | Reached * piety under Hepliaklqana
 11102 | D:7      | Reached skill level 5 in Stealth
 11286 | D:7      | Found a stormy altar of Qazlal.
 11750 | D:7      | Reached skill level 8 in Summonings
 11946 | D:8      | Reached skill level 5 in Fighting
 11970 | D:8      | Found a shadowy altar of Dithmenos.
 12219 | D:8      | Got a dazzling flail
 12261 | D:8      | Found a snail-covered altar of Cheibriados.
 12268 | D:8      | Found a shimmering blue altar of Sif Muna.
 12268 | D:8      | Reached ** piety under Hepliaklqana
 12269 | D:8      | Remembered your ancestor Waqi as a hexer
 12368 | D:8      | Found Labi's General Store.
 12376 | D:8      | Bought a potion of lignification for 36 gold pieces
 12376 | D:8      | Bought a scroll of remove curse for 36 gold pieces
 12554 | D:8      | Found a burning altar of Makhleb.
 12636 | D:8      | Reached skill level 5 in Spellcasting
 12824 | D:9      | Noticed Psyche
 12857 | D:9      | Killed Psyche
 12916 | D:9      | Found a runed translucent door.
 12943 | D:9      | Reached skill level 5 in Dodging
 12983 | D:9      | Found an opulent altar of Gozag.
 13076 | D:9      | Noticed Erica
 13092 | D:9      | Killed Erica
 13319 | D:9      | Noticed a +1 quarterstaff of chaos
 13320 | D:9      | Found a shimmering altar of Xom.
 13320 | D:9      | Noticed profreshinal's ghost (novice BaSu)
 13349 | D:9      | Reached XP level 10. HP: 48/74 MP: 18/18
 13515 | D:9      | Reached skill level 5 in Shields
 13673 | D:9      | Reached skill level 9 in Summonings
 13781 | D:9      | Found a radiant altar of Vehumet.
 14144 | D:10     | Entered Level 10 of the Dungeon
 14145 | D:10     | Identified the +2 flail of Icida {holy, Int+7} (You found
                  | it on level 8 of the Dungeon)
 14657 | D:10     | Found a staircase to the Orcish Mines.
 15645 | D:10     | Reached *** piety under Hepliaklqana
 15647 | D:10     | Found a staircase to the Lair.
 16042 | D:10     | Reached skill level 10 in Summonings
 16042 | D:10     | Reached XP level 11. HP: 60/81 MP: 20/20
 16899 | Lair:1   | Entered Level 1 of the Lair of Beasts
 17309 | Lair:1   | Found an opulent altar of Gozag.
 17325 | Lair:1   | You fall into a shaft and drop 1 floor!
 17346 | Lair:2   | Found a frozen archway.
 17383 | IceCv    | Entered an ice cave
 17885 | IceCv    | Got a crude war axe
 18520 | IceCv    | Noticed a death yak
 18523 | IceCv    | Noticed a death yak
 18596 | IceCv    | Killed a death yak
 18598 | IceCv    | Slain by a death yak

Illustrated notes

Levels and vault maps discovered:
D:1:      dpeg_arrival_central, layout_basic, minmay_close_crescents
D:2:      layout_loops_corners, serial_co_window_serial, co_window_corner_a,
          co_window_of_opportunity_a, co_window_paths_b,
          co_window_of_opportunity_a, co_window_of_opportunity_a,
          co_window_broadway_b, co_window_2corner, co_window_broadway_a,
          co_window_unsneaky_path_b, co_window_broadway_a, co_window_corner_ca,
          glass_columns_a, glass_columns_a, glass_columns_a, glass_columns_c
D:3:      layout_loops_ring, bloody_trog, gup_sewer_entry_pipe
D:4:      layout_loops_ring, grunt_temple_overflow_growth_and_decay,
          nicolae_gozag_zags_fifth_avenue, tso_metal_star,
          nicolae_overflow_crystal_walls, nemelex_xobeh_ov_fountains_minmay,
          temple_fountains, grunt_ministairs_1, uniq_pikel
D:5:      minmay_skewed_foursquare, layout_loops_ring,
          lemuel_coloured_pillars_altar, gup_ossuary_entry_pyramid
D:6:      layout_loops_corners
D:7:      layout_basic, chequers_serial_rivers_small_a, minivault_1,
          kennysheep_another_room, minivault_26, grunt_qazlal_sundering
D:8:      layout_cave_pools, makhleb_blood_cavern_becter, lemuel_crystal_altar,
          amethyst_overflow_temple_binary, serial_shops, shop,
          kennysheep_generic_room_13
D:9:      layout_basic, overflow_temple_1_default, ebering_ghost_xom,
          basic_altar, minmay_fountain_box, uniq_erica, uniq_psyche
D:10:     layout_roguey, grunt_lair_entry_orc_guard_hut,
          minmay_orc_entry_guard_dogs, serial_ice, serial_ice_c, serial_ice_o,
          serial_ice_m, serial_ice_n, serial_ice_h, serial_ice_f, serial_ice_a,
          serial_ice_j, serial_ice_b, serial_ice_d, kennysheep_kite_vault
Temple:   nicolae_temple_figure_zero
Lair:1:   layout_chaotic_city, basic_altar, lemuel_fruit_tree
Lair:2:   layout_cave_shapes, portal_ice_cave_entry_ice_beasts,
          beast_lair_carwin_8
IceCv:    ice_cave_caverns_03

Skill      XL: |  1  2  3  4  5  6  7  8  9 10 11 |
---------------+----------------------------------+-----
Stealth        | 2 3 4 5 6 7 |  7.2
Dodging        | 2 3 4 5 6 |  6.7
Fighting       | 1 2 3 4 5 6 7 |  7.5
Summonings     | 5 6 7 8 10 | 10.8
Spellcasting   | 3 4 5 6 |  6.7
Shields        | 2 4 6 8 |  8.0

Action                   |  1- 3 |  4- 6 |  7- 9 | 10-12 || total
-------------------------+-------+-------+-------+-------++-------
Melee: Unarmed           |    53 |       |       |       ||    53
       Tailslap          |    10 |    18 |    34 |    57 ||   119
       Dagger            |    67 |   184 |   276 |   359 ||   886
 Cast: Summon Small Mamm |    21 |     1 |     1 |       ||    23
       Call Imp          |    24 |    15 |     8 |     7 ||    54
       Call Canine Famil |       |     9 |    17 |    30 ||    56
Invok: Ancestor Life: He |       |       |     1 |       ||     1
       Recall Ancestor   |       |       |       |     4 ||     4
 Abil: Breathe Noxious F |       |       |     4 |     2 ||     6
Evoke: Wand              |       |       |       |    14 ||    14
  Use: Scroll            |     7 |     4 |    14 |     2 ||    27
       Potion            |       |     1 |       |       ||     1
 Stab: Sleeping          |     3 |     5 |    11 |     6 ||    25
       Distracted        |       |     2 |     3 |     5 ||    10
       Confused          |       |       |       |     2 ||     2
Armor: Skin              |    40 |    55 |    74 |    81 ||   250
Dodge: Dodged            |    72 |   105 |   143 |   225 ||   545
Block: Kite shield       |       |       |    72 |   240 ||   312

Table legend: (Time is in decaauts)
 A = Elapsed time spent in this place.
 B = Non-inter-level travel time spent in this place.
 C = Inter-level travel time spent in this place.
 D = Time resting spent in this place.
 E = Time spent auto-exploring this place.
 F = Levels seen in this place.
 G = Mean time per level.
                   A        B        C        D        E       F      G
               +--------+--------+--------+--------+--------+-----+--------+
         Total |  18648 |  17948 |    700 |   5214 |   9830 |  15 | 1243.2 |
       Dungeon |  16542 |  15862 |    680 |   4318 |   9037 |  10 | 1654.2 |
        Temple |    117 |    108 |      9 |      0 |    107 |   1 |  117.0 |
          Lair |    486 |    475 |     11 |    198 |    192 |   2 |  243.0 |
       Ossuary |    282 |    282 |      0 |    102 |    101 |   1 |  282.0 |
      Ice Cave |   1220 |   1220 |      0 |    596 |    393 |   1 | 1220.0 |
               +--------+--------+--------+--------+--------+-----+--------+

Top non-repeatable levels by time:
    D:10: 2771 daAuts
     D:3: 2150 daAuts
     D:4: 1977 daAuts
     D:1: 1698 daAuts
     D:5: 1595 daAuts
     D:2: 1431 daAuts
     D:7: 1359 daAuts
     D:6: 1349 daAuts
     D:9: 1334 daAuts
   IceCv: 1220 daAuts
     D:8: 875 daAuts
  Lair:1: 426 daAuts
 Ossuary: 282 daAuts
  Temple: 117 daAuts
  Lair:2: 59 daAuts
